 Dungeon Crawl Stone Soup version 0.30.0-29-ga12c61a403 (webtiles) character file.

Game seed: 10125049803266281864

49 DildoBatman the Conjurer (level 4, -2/32 HPs)
             Began as a Formicid Conjurer on June 3, 2023.
             Slain by a hound (4 damage)
             ... on level 5 of the Dungeon.
             The game lasted 00:03:53 (1300 turns).

DildoBatman the Conjurer (Formicid Conjurer)        Turns: 1300, Time: 00:03:53

Health: -2/32      AC:  3    Str: 12    XL:     4   Next: 1%
Magic:  3/7        EV: 17    Int: 19    God:
Gold:   143        SH:  0    Dex: 12    Spells: 5/8 levels left

rFire   . . .        g - +1 dagger (venom)
rCold   . . .        (no shield)
rNeg    . . .        a - +0 robe
rPois   .            (helmet unavailable)
rElec   .            h - +0 cloak
rCorr   +            (no gloves)
SInv    +            (no boots)
Will    .....        (no amulet)
Stlth   ++           c - ring of resist corrosion
HPRegen 0.25/turn    o - +5 ring of evasion
MPRegen 0.10/turn

%: no passive effects
@: no status effects
A: permanent stasis, dig shafts and tunnels, antennae 3, four strong arms
a: Dig, Shaft Self


You were on level 5 of the Dungeon.
You visited 1 branch of the dungeon, and saw 4 of its levels.

You collected 143 gold pieces.

Inventory:

Hand Weapons
 g - a +1 dagger of venom (weapon)
Missiles
 k - 25 stones
 n - 4 poisoned darts
Armour
 a - a +0 robe (worn)
 h - a +0 cloak (worn)
Jewellery
 c - a ring of resist corrosion (left hand)
 o - a +5 ring of evasion (right hand)
Scrolls
 d - 5 scrolls of identify {unknown}
 e - 2 scrolls of teleportation {unknown}
 f - 2 scrolls of fear {unknown}
 i - 3 scrolls of noise {unknown}
 j - a scroll of torment {unknown}
 m - 2 scrolls of enchant weapon {unknown}
 p - a scroll of vulnerability {unknown}
 r - a scroll of blinking {unknown}
 t - a scroll of fog {unknown}
Potions
 b - a potion of magic
 l - a potion of heal wounds {unknown}
 q - a potion of brilliance {unknown}
 s - a potion of curing {unknown}
 u - 2 potions of degeneration {unknown}


   Skills:
 * Level 1.3 Fighting
 * Level 1.2 Armour
 * Level 2.1 Dodging
 - Level 3.0 Stealth
 * Level 2.5 Spellcasting
 * Level 3.8 Conjurations


You had 5 spell levels left.
You knew the following spells:

 Your Spells              Type           Power      Damage    Failure   Level
a - Searing Ray           Conj           34%        2d5       4%          2
c - Magic Dart            Conj           68%        1d6       3%          1

Your spell library contained the following spells:

 Spells                   Type           Power      Damage    Failure   Level
 Dazzling Flash           Conj/Hex       18%        N/A       22%         3
 Scorch                   Fire           4%         2d5       24%         2
 Flame Wave               Conj/Fire      9%         2d6       58%         4
 Fulminant Prism          Conj/Hex       4%         3d5       58%         4
 Iskenderun's Mystic Bla  Conj/Tloc      9%         2d4       58%         4
 Summon Cactus Giant      Summ           1%         N/A       100%        6


Dungeon Overview and Level Annotations

Branches:
Dungeon (3/15)

Altars:


Innate Abilities, Weirdness & Mutations

You cannot be hasted, slowed, berserked, paralysed or teleported.
You can dig through walls and to a lower floor.
You have a pair of large antennae on your head. (SInv)
Your four strong arms can wield two-handed weapons with a shield.


Message History

The phantom misses you.
An orc comes into view. It is wielding a +0 mace.
What are your orders? t - Shout!
Orders for allies: a - Attack new target. r - Retreat! s - Stop attacking. g - Guard the area. f - Follow me.
Anything else - Cancel.
You shout for attention!
The hound barely misses you. The phantom misses you.
What are your orders? t - Shout!
Orders for allies: a - Attack new target. r - Retreat! s - Stop attacking. g - Guard the area. f - Follow me.
Anything else - Cancel.
You shout for attention!
You hear a shout!
The hound bites you. x2
The phantom closely misses you. What are your orders? t - Shout!
Orders for allies: a - Attack new target. r - Retreat! s - Stop attacking. g - Guard the area. f - Follow me.
Anything else - Cancel.
You shout for attention!
The hound barely misses you. The phantom hits you.
What are your orders? t - Shout!
Orders for allies: a - Attack new target. r - Retreat! s - Stop attacking. g - Guard the area. f - Follow me.
Anything else - Cancel.
You shout for attention!
The hound misses you. The hound bites you.
You die...

# .#
#.#
#.. {
###.#
##..#
#h@#
#.oW##
#..o
#.#.
####


You could see a phantom, a hound and 2 orcs.

Vanquished Creatures
  3 orcs (D:3)
  4 endoplasms
  2 giant cockroaches
  4 goblins
  4 hobgoblins (D:1)
  3 jackals (D:2)
  2 kobolds (D:2)
  2 quokkas (D:2)
  3 ball pythons
  5 bats
  3 frilled lizards
  4 rats (D:1)
39 creatures vanquished.

Notes
Turn   | Place    | Note
-------+----------+-------------------------------------------
     0 | D:1      | DildoBatman the Formicid Conjurer began the quest for the
                  | Orb.
     0 | D:1      | Reached XP level 1. HP: 13/13 MP: 3/3
   107 | D:1      | Reached XP level 2. HP: 19/19 MP: 0/5
   110 | D:1      | Learned a level 2 spell: Searing Ray
   477 | D:1      | Reached skill level 1 in Fighting
   477 | D:1      | Reached XP level 3. HP: 26/26 MP: 3/6
   631 | D:2      | Reached skill level 1 in Armour
  1118 | D:2      | Found a faded altar of an unknown god.
  1280 | D:3      | Reached XP level 4. HP: 29/32 MP: 1/7
  1282 | D:3      | You fall into a shaft and drop 2 floors!
  1282 | D:5      | Entered Level 5 of the Dungeon
  1283 | D:5      | Noticed a phantom
  1300 | D:5      | Slain by a hound

Illustrated notes

Levels and vault maps discovered:
D:1:      scummos_arrival_hexagon, layout_basic
D:2:      layout_loops_ring, dreamdust_ecumenical_altar_angels_and_demons,
          minmay_hexomino_c4
D:3:      layout_loops_cross, marbit_many_paths, minivault_19, uniq_grinder
D:5:      layout_layer_cave, amethyst_overflow_temple_binary,
          minmay_temple_entry_wispy, serial_shops, shop, shop, shop,
          nicolae_shop_rolling_square

Skill      XL: |  1  2  3 |
---------------+----------+-----
Fighting       | 1 |  1.3
Dodging        | 2 |  2.1
Armour         | 1 |  1.2
Stealth        | 3 |  3.0
Spellcasting   | |  2.5
Conjurations   | |  3.8

Action                     |  1- 3 |  4- 6 || total
---------------------------+-------+-------++-------
  Melee: Dagger            |    51 |       ||    51
   Cast: Magic Dart        |    17 |       ||    17
         Searing Ray       |     6 |       ||     6
Ability: Shaft Self        |       |     1 ||     1
   Stab: Sleeping          |     5 |       ||     5
 Armour: Robe              |    14 |     5 ||    19
  Dodge: Dodged            |    28 |    18 ||    46
